[Event "22nd ETCC Women 2019"]
[Site "Batumi"]
[Date "2019.10.25"]
[Round "2.16"]
[White "Golsta, Madara"]
[Black "Kyrkjebo, Marte B."]
[Result "1-0"]
[ECO "C45"]
[WhiteElo "1987"]
[BlackElo "1871"]
[Annotator "NA"]
[PlyCount "67"]
[EventDate "2019.10.24"]
[EventType "team-tourn"]
[EventCountry "GEO"]
[SourceTitle "playchess.com"]
[Source "ChessBase"]
[SourceQuality "1"]
[WhiteTeam "Latvia"]
[BlackTeam "Norway"]
[WhiteTeamCountry "LAT"]
[BlackTeamCountry "NOR"]
[TimeControl "40/5400+30:1800+30"]

1. e4 e5 2. Nf3 Nc6 3. d4 exd4 4. Nxd4 Bc5 5. Nb3 Bb6 6. Nc3 d6 7. Qe2 Nf6 8. Bg5 h6 9. Be3 O-O 10. O-O-O Re8 11. f3 Be6 12. g4 Bxe3+ 13. Qxe3 Nh7 14. h4 Qe7 15. Be2 Ne5 16. Nd4 c6 17. Rdg1 Bc4 18. f4 Bxe2 19. Qxe2 Nd7 20. g5 Kh8 21. Nf5 Qf8 22. Qd2 Re6 23. gxh6 gxh6 24. Qd4+ Ndf6 25. Ng7 Re7 26. Rg2 Rd8 27. Rd1 c5 28. Qd3 Ne8 29. Nf5 Re6 30. Nd5 Rg6 31. Rdg1 Rxg2 32. Rxg2 f6 33. Nfe7 Ng7 34. Ng6+ 1-0

[Event "22nd ETCC Women 2019"]
[Site "Batumi"]
[Date "2019.10.25"]
[Round "2.17"]
[White "Cramling, Pia"]
[Black "Nazarova, Anastasia"]
[Result "1-0"]
[ECO "D35"]
[WhiteElo "2462"]
[BlackElo "2147"]
[Annotator "ChessBase"]
[PlyCount "101"]
[EventDate "2019.10.24"]
[EventType "team-tourn"]
[EventCountry "GEO"]
[SourceTitle "playchess.com"]
[Source "ChessBase"]
[SourceQuality "1"]
[WhiteTeam "Sweden"]
[BlackTeam "Finland"]
[WhiteTeamCountry "SWE"]
[BlackTeamCountry "FIN"]
[TimeControl "40/5400+30:1800+30"]

1. d4 d5 2. c4 e6 3. Nc3 Nf6 4. cxd5 exd5 5. Bg5 Be7 6. e3 c6 7. Bd3 Nbd7 8. h3 O-O 9. Bf4 Re8 10. Nf3 Nf8 11. Qc2 Ne6 12. Be5 g6 13. O-O-O Bd7 14. Kb1 c5 15. g4 c4 16. Be2 Nc7 17. Ka1 Rc8 18. Rdg1 Be6 19. Ng5 b5 20. h4 b4 21. Na4 b3 22. axb3 Na6 23. Nxe6 fxe6 24. bxc4 Nb4 25. Qb3 Qa5 26. Rc1 Nd7 27. Kb1 Nxe5 28. dxe5 Rb8 29. c5 Nc6 30. Qa2 Rb4 31. Nc3 Qc7 32. f4 Reb8 33. Rc2 R4b7 34. Qa6 Bxc5 35. Nb5 Qb6 36. Qxb6 axb6 37. g5 Ne7 38. Bg4 Bxe3 39. Bxe6+ Kg7 40. h5 Rf8 41. hxg6 Bxf4 42. gxh7 Bxe5 43. Rf2 Ng6 44. Rxf8 Kxf8 45. Bxd5 Rd7 46. Be4 Nh8 47. Nc3 Rd4 48. Kc2 Rb4 49. Re1 Rc4 50. Bd5 Bxc3 51. Rf1+ 1-0

[Event "22nd ETCC Women 2019"]
[Site "Batumi"]
[Date "2019.10.25"]
[Round "2.17"]
[White "Mkrtchian, Lilit"]
[Black "Milliet, Sophie"]
[Result "0-1"]
[ECO "A61"]
[WhiteElo "2402"]
[BlackElo "2400"]
[Annotator "NA"]
[PlyCount "104"]
[EventDate "2019.10.24"]
[EventType "team-tourn"]
[EventCountry "GEO"]
[SourceTitle "playchess.com"]
[Source "ChessBase"]
[SourceQuality "1"]
[WhiteTeam "Armenia"]
[BlackTeam "France"]
[WhiteTeamCountry "ARM"]
[BlackTeamCountry "FRA"]
[TimeControl "40/5400+30:1800+30"]

1. d4 Nf6 2. Nf3 e6 3. c4 c5 4. d5 exd5 5. cxd5 d6 6. Nc3 g6 7. e4 Bg7 8. Nd2 O-O 9. Be2 Ne8 10. O-O f5 11. exf5 Bxf5 12. Nde4 Na6 13. Bg5 Nf6 14. Ng3 Bd7 15. Qd2 Nc7 16. a4 a6 17. h4 Qe8 18. Bf4 Qe7 19. Rae1 Nfe8 20. Bg5 Qf7 21. Bc4 Nf6 22. Nce4 Nce8 23. Bxf6 Bxf6 24. Ng5 Bxg5 25. Qxg5 Nf6 26. Re6 Kh8 27. Rxd6 b5 28. Ba2 c4 29. Qe5 Kg8 30. Qd4 Qe7 31. Rb6 Ng4 32. f3 Qxh4 33. fxg4 Qxg3 34. Rbf6 Rxf6 35. Qxf6 Qe3+ 36. Kh2 Qh6+ 37. Kg3 Rf8 38. Qxf8+ Qxf8 39. Rxf8+ Kxf8 40. Kf4 Ke7 41. axb5 axb5 42. Bb1 Kd6 43. Be4 Bc8 44. Kg5 b4 45. g3 Ke5 46. Bf3 c3 47. bxc3 bxc3 48. Bd1 Kxd5 49. Kh6 Bxg4 50. Bb3+ Ke5 51. Kxh7 Bf5 52. g4 Be4 0-1

[Event "22nd ETCC Women 2019"]
[Site "Batumi"]
[Date "2019.10.25"]
[Round "2.18"]
[White "Skripchenko, Almira"]
[Black "Ghukasyan, Siranush"]
[Result "1-0"]
[ECO "C77"]
[WhiteElo "2403"]
[BlackElo "2261"]
[Annotator "NA"]
[PlyCount "115"]
[EventDate "2019.10.24"]
[EventType "team-tourn"]
[EventCountry "GEO"]
[SourceTitle "playchess.com"]
[Source "ChessBase"]
[SourceQuality "1"]
[WhiteTeam "France"]
[BlackTeam "Armenia"]
[WhiteTeamCountry "FRA"]
[BlackTeamCountry "ARM"]
[TimeControl "40/5400+30:1800+30"]

1. e4 e5 2. Nf3 Nc6 3. Bb5 a6 4. Ba4 Nf6 5. Nc3 d6 6. Bxc6+ bxc6 7. d4 exd4 8. Nxd4 Bd7 9. Qf3 Bg4 10. Qd3 c5 11. Nde2 Be7 12. h3 Bd7 13. O-O O-O 14. Ng3 Re8 15. b3 Bf8 16. Bb2 Bc6 17. Rad1 Bb7 18. Rfe1 g6 19. Qc4 Bg7 20. Na4 Nd7 21. Bxg7 Kxg7 22. Re3 Qe7 23. Nc3 Kg8 24. Qe2 Qf6 25. Nf1 Ne5 26. Nd2 Qg7 27. Qf1 Nd7 28. Nc4 a5 29. Qe1 Ne5 30. Nxe5 Rxe5 31. Qd2 Bc6 32. a4 Rae8 33. Rde1 Qh6 34. Qd3 Ra8 35. Nb5 Bxb5 36. Qxb5 Qf8 37. f4 Re7 38. e5 Qe8 39. Qc4 Qc6 40. f5 Rae8 41. e6 fxe6 42. f6 d5 43. Qg4 Rf7 44. Rxe6 Rxe6 45. Rxe6 Qd7 46. Qe2 Rf8 47. Qe5 c4 48. bxc4 dxc4 49. c3 Rf7 50. Qe4 Rf8 51. Qxc4 Kh8 52. Qe4 Kg8 53. Qe5 Qd1+ 54. Kh2 Qd7 55. c4 c5 56. Rd6 Qc7 57. h4 Qc8 58. Qe7 1-0

[Event "22nd ETCC Women 2019"]
[Site "Batumi"]
[Date "2019.10.25"]
[Round "2.18"]
[White "Puuska, Heini"]
[Black "Frisk, Ellinor"]
[Result "1/2-1/2"]
[ECO "A46"]
[WhiteElo "1992"]
[BlackElo "2227"]
[Annotator "NA"]
[PlyCount "76"]
[EventDate "2019.10.24"]
[EventType "team-tourn"]
[EventCountry "GEO"]
[SourceTitle "playchess.com"]
[Source "ChessBase"]
[SourceQuality "1"]
[WhiteTeam "Finland"]
[BlackTeam "Sweden"]
[WhiteTeamCountry "FIN"]
[BlackTeamCountry "SWE"]
[TimeControl "40/5400+30:1800+30"]

1. d4 Nf6 2. Nf3 c5 3. e3 d5 4. dxc5 e6 5. b4 a5 6. Bb5+ Bd7 7. Bxd7+ Nbxd7 8. c3 axb4 9. cxb4 b6 10. O-O bxc5 11. b5 c4 12. a4 Nc5 13. Nd4 Bd6 14. Nc3 Qc7 15. h3 O-O 16. Ba3 Rfe8 17. Nc6 Nb3 18. Bxd6 Qxd6 19. Ra2 e5 20. Ne2 Qc5 21. Nc1 Na5 22. Nxa5 Rxa5 23. Ne2 Rea8 24. Qa1 Nd7 25. Rd1 f6 26. Nc3 Nb6 27. Kh1 Rd8 28. Rad2 h6 29. f4 Qxe3 30. Nxd5 Nxd5 31. Rxd5 Rxd5 32. Rxd5 Qxf4 33. Rd8+ Kh7 34. Qb1+ f5 35. Qb4 Qf1+ 36. Kh2 Qf4+ 37. Kh1 Qf1+ 38. Kh2 Qf4+ 1/2-1/2

[Event "22nd ETCC Women 2019"]
[Site "Batumi"]
[Date "2019.10.25"]
[Round "2.19"]
[White "Danielian, Elina"]
[Black "Navrotescu, Andreea-Cristiana"]
[Result "1-0"]
[ECO "D05"]
[WhiteElo "2385"]
[BlackElo "2241"]
[Annotator "NA"]
[PlyCount "77"]
[EventDate "2019.10.24"]
[EventType "team-tourn"]
[EventCountry "GEO"]
[SourceTitle "playchess.com"]
[Source "ChessBase"]
[SourceQuality "1"]
[WhiteTeam "Armenia"]
[BlackTeam "France"]
[WhiteTeamCountry "ARM"]
[BlackTeamCountry "FRA"]
[TimeControl "40/5400+30:1800+30"]

1. d4 e6 2. Nf3 Nf6 3. e3 d5 4. Bd3 c5 5. b3 Nc6 6. O-O Bd6 7. Bb2 O-O 8. Nbd2 b6 9. a3 Bb7 10. Qe2 Rc8 11. Ne5 Ne7 12. Rfd1 Qc7 13. c4 Ne4 14. Nf1 f6 15. Nf3 Ng6 16. Rac1 Qe7 17. cxd5 exd5 18. dxc5 Nxc5 19. Bf5 Rcd8 20. Nd4 Be5 21. b4 Bxd4 22. Bxd4 Nb3 23. Rc3 Nxd4 24. Rxd4 Ne5 25. Qc2 g6 26. Rc7 Qe8 27. Rxb7 gxf5 28. Qxf5 Qg6 29. Ng3 Rf7 30. Rxf7 Kxf7 31. h3 Qxf5 32. Nxf5 Ke6 33. Ng7+ Ke7 34. Rh4 Rg8 35. Nf5+ Ke6 36. Nd4+ Kd6 37. Rxh7 a6 38. g4 Nc4 39. Nf5+ 1-0

[Event "22nd ETCC Women 2019"]
[Site "Batumi"]
[Date "2019.10.25"]
[Round "2.19"]
[White "Cramling Bellon, Anna"]
[Black "Dannenberg, Alia"]
[Result "0-1"]
[ECO "E71"]
[WhiteElo "2164"]
[BlackElo "1902"]
[Annotator "NA"]
[PlyCount "98"]
[EventDate "2019.10.24"]
[EventType "team-tourn"]
[EventCountry "GEO"]
[SourceTitle "playchess.com"]
[Source "ChessBase"]
[SourceQuality "1"]
[WhiteTeam "Sweden"]
[BlackTeam "Finland"]
[WhiteTeamCountry "SWE"]
[BlackTeamCountry "FIN"]
[TimeControl "40/5400+30:1800+30"]

1. d4 Nf6 2. c4 g6 3. Nc3 Bg7 4. e4 d6 5. h3 O-O 6. Nf3 e5 7. d5 a5 8. Bg5 Na6 9. Be2 Qe8 10. Nd2 Nd7 11. g4 Ndc5 12. Nb3 Nxb3 13. Qxb3 Nc5 14. Qc2 Bd7 15. h4 f5 16. gxf5 gxf5 17. Rg1 Kh8 18. h5 f4 19. Bf3 Bf6 20. Bxf6+ Rxf6 21. O-O-O Qe7 22. Qe2 Rff8 23. Nb5 Bxb5 24. cxb5 Rg8 25. Bg4 Rg5 26. f3 h6 27. Rg2 Rag8 28. Rdg1 Qe8 29. Kb1 R8g7 30. Qf1 Qe7 31. Qe1 b6 32. Qe2 Nd7 33. Bxd7 Rxg2 34. Rxg2 Qxd7 35. Rg4 Rxg4 36. fxg4 Kg7 37. a4 Kf6 38. Kc2 Kg5 39. Qc4 Kxg4 40. Qe2+ f3 41. Qe3 Qf7 42. Qg1+ Kxh5 43. Qf2 Qf4 44. Kd3 Kg4 45. Qg1+ Qg3 46. Qh1 h5 47. Qd1 h4 48. Qc1 f2+ 49. Kc2 Qg1 0-1

[Event "22nd ETCC Women 2019"]
[Site "Batumi"]
[Date "2019.10.25"]
[Round "2.20"]
[White "Benmesbah, Natacha"]
[Black "Sargsyan, Anna M."]
[Result "0-1"]
[ECO "B11"]
[WhiteElo "2265"]
[BlackElo "2242"]
[Annotator "NA"]
[PlyCount "128"]
[EventDate "2019.10.24"]
[EventType "team-tourn"]
[EventCountry "GEO"]
[SourceTitle "playchess.com"]
[Source "ChessBase"]
[SourceQuality "1"]
[WhiteTeam "France"]
[BlackTeam "Armenia"]
[WhiteTeamCountry "FRA"]
[BlackTeamCountry "ARM"]
[TimeControl "40/5400+30:1800+30"]

1. e4 c6 2. Nc3 d5 3. Nf3 Bg4 4. h3 Bxf3 5. Qxf3 Nf6 6. Be2 e6 7. O-O Nbd7 8. d4 dxe4 9. Nxe4 Nxe4 10. Qxe4 Nf6 11. Qd3 Bd6 12. a4 O-O 13. a5 h6 14. a6 b6 15. Rd1 Rc8 16. Qf3 Qe7 17. Bd3 Rfd8 18. g3 Nd7 19. Re1 c5 20. Be3 c4 21. Bf1 Nf6 22. Bg2 Bb8 23. c3 Nd5 24. Bd2 Bc7 25. Qh5 Qf8 26. Qh4 b5 27. Re2 Rb8 28. Rae1 Rb6 29. Be4 Rxa6 30. Bc2 Rb6 31. Ra1 a6 32. Qe4 Nf6 33. Qf3 Qe7 34. Rae1 Bd6 35. Bc1 Qb7 36. Qe3 b4 37. h4 a5 38. Qd2 b3 39. Bb1 a4 40. Qe3 a3 41. bxa3 b2 42. Bd2 Ng4 43. Qe4 Qxe4 44. Bxe4 Nf6 45. Rb1 Nxe4 46. Rxe4 Ra8 47. Kg2 Rxa3 48. Re2 Rbb3 49. Kh3 Bc7 50. Be3 Ra2 51. Rc2 Bd6 52. Re2 Kf8 53. Bd2 Ra1 54. Ree1 Rxb1 55. Rxb1 Ke7 56. Kg4 Kd7 57. Kf3 Kc6 58. Ke2 Kb5 59. Kd1 Ka4 60. Kc2 Ka3 61. Be1 Ka2 62. Bd2 Bc7 63. Be1 Ba5 64. Bd2 Bxc3 0-1

[Event "22nd ETCC Women 2019"]
[Site "Batumi"]
[Date "2019.10.25"]
[Round "2.20"]
[White "Norlamo, Sarabella"]
[Black "Borisova, Borislava"]
[Result "1-0"]
[ECO "D10"]
[WhiteElo "2020"]
[BlackElo "1919"]
[Annotator "NA"]
[PlyCount "107"]
[EventDate "2019.10.24"]
[EventType "team-tourn"]
[EventCountry "GEO"]
[SourceTitle "playchess.com"]
[Source "ChessBase"]
[SourceQuality "1"]
[WhiteTeam "Finland"]
[BlackTeam "Sweden"]
[WhiteTeamCountry "FIN"]
[BlackTeamCountry "SWE"]
[TimeControl "40/5400+30:1800+30"]

1. d4 d5 2. c4 c6 3. cxd5 cxd5 4. Nc3 Nf6 5. Nf3 Bf5 6. Qb3 Bc8 7. Bf4 g6 8. e3 Bg7 9. Bb5+ Bd7 10. Bxd7+ Nbxd7 11. Nxd5 Qa5+ 12. Nc3 O-O 13. O-O b6 14. Rac1 a6 15. Ne5 Nxe5 16. Bxe5 b5 17. Rc2 Qd8 18. Rfc1 e6 19. Ne2 Qd5 20. Qa3 Ng4 21. Rc5 Qd8 22. Bxg7 Kxg7 23. h3 Nf6 24. Rc6 a5 25. Nf4 b4 26. Qb3 Re8 27. Nd3 Qd5 28. Qa4 Qf5 29. Ne5 Ne4 30. Qc2 Nf6 31. Rc7 Rf8 32. Qa4 Nd5 33. R7c5 Qg5 34. Nf3 Qd8 35. Nd2 Qg5 36. Nb3 Qh4 37. Rxa5 Rxa5 38. Qxa5 Qe4 39. Nc5 Qf5 40. Qa7 Qf6 41. Nd7 Qe7 42. Qa4 Rd8 43. Ne5 Qb7 44. Qb3 Ra8 45. Nd3 Rb8 46. Rc4 h6 47. e4 Nb6 48. Nc5 Qa7 49. Rxb4 Nd7 50. Nxd7 Rxb4 51. Qxb4 Qxd7 52. Qc3 f6 53. b3 h5 54. a4 1-0

[Event "22nd ETCC Women 2019"]
[Site "Batumi"]
[Date "2019.10.25"]
[Round "2.21"]
[White "Haast, Anne"]
[Black "Bulmaga, Irina"]
[Result "0-1"]
[ECO "C45"]
[WhiteElo "2288"]
[BlackElo "2442"]
[Annotator "NA"]
[PlyCount "50"]
[EventDate "2019.10.24"]
[EventType "team-tourn"]
[EventCountry "GEO"]
[SourceTitle "playchess.com"]
[Source "ChessBase"]
[SourceQuality "1"]
[WhiteTeam "Netherlands"]
[BlackTeam "Romania"]
[WhiteTeamCountry "NED"]
[BlackTeamCountry "ROU"]
[TimeControl "40/5400+30:1800+30"]

1. e4 e5 2. Nf3 Nc6 3. d4 exd4 4. Nxd4 Bc5 5. Nb3 Bb6 6. Nc3 Nge7 7. Bg5 O-O 8. Qd2 d6 9. O-O-O a5 10. a4 Bg4 11. f3 Be6 12. f4 f6 13. Bh4 Kh8 14. Bf2 Bxf2 15. Qxf2 Nb4 16. Rg1 Bxb3 17. cxb3 d5 18. Bd3 d4 19. Bc4 c5 20. g4 Nc8 21. Ne2 Nd6 22. Qh4 Nxc4 23. bxc4 Qe8 24. b3 Qxe4 25. Rd2 d3 0-1

[Event "22nd ETCC Women 2019"]
[Site "Batumi"]
[Date "2019.10.25"]
[Round "2.22"]
[White "Peptan, Corina-Isabela"]
[Black "Paulet, Iozefina"]
[Result "1-0"]
[ECO "E16"]
[WhiteElo "2371"]
[BlackElo "2288"]
[Annotator "NA"]
[PlyCount "113"]
[EventDate "2019.10.24"]
[EventType "team-tourn"]
[EventCountry "GEO"]
[SourceTitle "playchess.com"]
[Source "ChessBase"]
[SourceQuality "1"]
[WhiteTeam "Romania"]
[BlackTeam "Netherlands"]
[WhiteTeamCountry "ROU"]
[BlackTeamCountry "NED"]
[TimeControl "40/5400+30:1800+30"]

1. Nf3 Nf6 2. g3 b6 3. Bg2 Bb7 4. d4 e6 5. c4 Bb4+ 6. Bd2 a5 7. O-O Bxd2 8. Qxd2 d6 9. Nc3 O-O 10. Qc2 Nbd7 11. Rfd1 c6 12. Rac1 Rc8 13. e4 Qc7 14. Rd2 Qb8 15. Qd1 b5 16. e5 dxe5 17. dxe5 Nxe5 18. Nxe5 Qxe5 19. cxb5 Nd5 20. bxc6 Rxc6 21. Nxd5 exd5 22. Rxc6 Bxc6 23. b3 Rd8 24. h4 g6 25. Kh2 h5 26. Qc1 Qf6 27. Qc5 a4 28. bxa4 Bxa4 29. Rxd5 Rxd5 30. Bxd5 Qf5 31. Qd4 Qd7 32. Qe4 Kg7 33. Qe5+ Kg8 34. Qb8+ Kg7 35. Qb2+ Kg8 36. Qb7 Qf5 37. Kg1 Bd7 38. Qb3 Kg7 39. Qc3+ Kg8 40. Qf3 Qb1+ 41. Kh2 Be8 42. Qe4 Qxe4 43. Bxe4 Kg7 44. Kg2 Kf6 45. f4 Ke6 46. Kf3 Kd6 47. Ke3 Kc5 48. f5 gxf5 49. Bxf5 Kd6 50. Kf4 f6 51. Bc2 Ke7 52. a4 Kf7 53. a5 Bb5 54. Ke3 Ke6 55. Bd3 Bc6 56. a6 Ke5 57. a7 1-0

[Event "22nd ETCC Women 2019"]
[Site "Batumi"]
[Date "2019.10.25"]
[Round "2.22"]
[White "Vanduyfhuys, Daria"]
[Black "Toma, Katarzyna"]
[Result "0-1"]
[ECO "A57"]
[WhiteElo "1983"]
[BlackElo "2272"]
[Annotator "NA"]
[PlyCount "56"]
[EventDate "2019.10.24"]
[EventType "team-tourn"]
[EventCountry "GEO"]
[SourceTitle "playchess.com"]
[Source "ChessBase"]
[SourceQuality "1"]
[WhiteTeam "Belgium"]
[BlackTeam "England"]
[WhiteTeamCountry "BEL"]
[BlackTeamCountry "ENG"]
[TimeControl "40/5400+30:1800+30"]

1. d4 Nf6 2. c4 c5 3. d5 b5 4. Qc2 bxc4 5. e4 d6 6. Bxc4 g6 7. Nc3 Bg7 8. Nf3 O-O 9. O-O Ba6 10. Nd2 Nfd7 11. Bxa6 Nxa6 12. Nc4 Nb6 13. Nxb6 Qxb6 14. Bg5 Rfe8 15. Rab1 Rab8 16. h4 Rb7 17. h5 Rc8 18. g3 c4 19. Qd2 Qd4 20. Qf4 Nb4 21. Qg4 f5 22. Qh4 Nd3 23. Kg2 Nxb2 24. hxg6 hxg6 25. Rh1 Kf7 26. g4 Rh8 27. Qg3 Qxc3 28. Be3 Qe5 0-1

[Event "22nd ETCC Women 2019"]
[Site "Batumi"]
[Date "2019.10.25"]
[Round "2.23"]
[White "Lanchava, Tea"]
[Black "Sandu, Mihaela"]
[Result "1/2-1/2"]
[ECO "A36"]
[WhiteElo "2236"]
[BlackElo "2260"]
[Annotator "NA"]
[PlyCount "61"]
[EventDate "2019.10.24"]
[EventType "team-tourn"]
[EventCountry "GEO"]
[SourceTitle "playchess.com"]
[Source "ChessBase"]
[SourceQuality "1"]
[WhiteTeam "Netherlands"]
[BlackTeam "Romania"]
[WhiteTeamCountry "NED"]
[BlackTeamCountry "ROU"]
[TimeControl "40/5400+30:1800+30"]

1. c4 c5 2. Nc3 Nc6 3. g3 g6 4. Bg2 Bg7 5. d3 d6 6. e4 e6 7. Nge2 Nge7 8. O-O O-O 9. Be3 Nd4 10. Qd2 Nec6 11. f4 Rb8 12. Kh1 f5 13. Rae1 a6 14. Bg1 Qa5 15. Qc1 Bd7 16. a3 b5 17. cxb5 axb5 18. Nxd4 Nxd4 19. Ne2 Nb3 20. Qc2 c4 21. Rd1 Qc7 22. dxc4 bxc4 23. Nc3 fxe4 24. Nxe4 d5 25. Ng5 Nc5 26. Rb1 Nb3 27. h4 d4 28. Rbd1 Qc8 29. Qe4 Nc5 30. Qc2 Nd3 31. b4 1/2-1/2

[Event "22nd ETCC Women 2019"]
[Site "Batumi"]
[Date "2019.10.25"]
[Round "2.23"]
[White "Longson, Sarah N"]
[Black "Barbier, Astrid"]
[Result "1/2-1/2"]
[ECO "B27"]
[WhiteElo "2073"]
[BlackElo "1974"]
[Annotator "NA"]
[PlyCount "137"]
[EventDate "2019.10.24"]
[EventType "team-tourn"]
[EventCountry "GEO"]
[SourceTitle "playchess.com"]
[Source "ChessBase"]
[SourceQuality "1"]
[WhiteTeam "England"]
[BlackTeam "Belgium"]
[WhiteTeamCountry "ENG"]
[BlackTeamCountry "BEL"]
[TimeControl "40/5400+30:1800+30"]

1. e4 c5 2. Nf3 g6 3. d4 cxd4 4. Qxd4 Nf6 5. e5 Nc6 6. Qa4 Nd5 7. Qb3 Nb6 8. Bf4 Bg7 9. Nc3 d5 10. exd6 O-O 11. O-O-O Be6 12. Qa3 Bxc3 13. Qxc3 Nd5 14. Rxd5 Bxd5 15. Bh6 f6 16. Bxf8 Kxf8 17. dxe7+ Qxe7 18. Bc4 Bxf3 19. Qxf3 Ne5 20. Qd5 Nxc4 21. Qxc4 Rd8 22. Qc3 Kg7 23. Re1 Qd6 24. Qe3 Rd7 25. g3 b6 26. a3 Qd5 27. Qe8 Qd6 28. h4 Qd2+ 29. Kb1 Qd6 30. h5 Qd5 31. hxg6 hxg6 32. Re7+ Rxe7 33. Qxe7+ Kh6 34. Qe3+ Kg7 35. Qd3 Qe6 36. f4 Qe1+ 37. Ka2 Qe6+ 38. b3 Qc6 39. Kb2 Qc7 40. Qd4 Qe7 41. a4 Kh6 42. Qd5 g5 43. f5 Kh5 44. Qf3+ g4 45. Qh1+ Kg5 46. Qh4+ Kxf5 47. Qh5+ Ke4 48. Qxg4+ Ke3 49. Qf4+ Ke2 50. g4 Qd8 51. Qe4+ Kf2 52. b4 Kg3 53. Qf5 Qe7 54. Kb3 Qd8 55. Kc3 Qc7+ 56. Kb3 Qd8 57. Qe6 Qd4 58. a5 bxa5 59. bxa5 Qa1 60. Qe3+ Kxg4 61. Qxa7 Qb1+ 62. Kc3 Qe1+ 63. Kb2 Qb4+ 64. Ka2 Qa4+ 65. Kb1 Qb4+ 66. Ka2 Qa4+ 67. Kb1 Qb4+ 68. Ka1 Qa4+ 69. Kb1 1/2-1/2

[Event "22nd ETCC Women 2019"]
[Site "Batumi"]
[Date "2019.10.25"]
[Round "2.24"]
[White "Lehaci, Miruna-Daria"]
[Black "Ratsma, Rosa"]
[Result "1-0"]
[ECO "D45"]
[WhiteElo "2131"]
[BlackElo "2283"]
[Annotator "NA"]
[PlyCount "53"]
[EventDate "2019.10.24"]
[EventType "team-tourn"]
[EventCountry "GEO"]
[SourceTitle "playchess.com"]
[Source "ChessBase"]
[SourceQuality "1"]
[WhiteTeam "Romania"]
[BlackTeam "Netherlands"]
[WhiteTeamCountry "ROU"]
[BlackTeamCountry "NED"]
[TimeControl "40/5400+30:1800+30"]

1. d4 Nf6 2. Nf3 d5 3. c4 e6 4. Nc3 c6 5. e3 Be7 6. Bd3 dxc4 7. Bxc4 Nbd7 8. a4 O-O 9. O-O c5 10. Qe2 cxd4 11. exd4 Nb6 12. Bb3 Nbd5 13. Ne5 Nb4 14. Rd1 b6 15. Na2 Nfd5 16. Nxb4 Nxb4 17. Qe4 Ba6 18. Nxf7 Rxf7 19. Bxe6 Rc8 20. Ra3 Bc4 21. Rh3 g6 22. d5 Bxd5 23. Bxf7+ Kxf7 24. Rxh7+ Kf6 25. Bg5+ Kxg5 26. Qe5+ Kg4 27. h3# 1-0

[Event "22nd ETCC Women 2019"]
[Site "Batumi"]
[Date "2019.10.25"]
[Round "2.24"]
[White "Cuvelier, Annelies"]
[Black "Bhatia, Kanwal K"]
[Result "0-1"]
[ECO "C95"]
[WhiteElo "1844"]
[BlackElo "2038"]
[Annotator "NA"]
[PlyCount "118"]
[EventDate "2019.10.24"]
[EventType "team-tourn"]
[EventCountry "GEO"]
[SourceTitle "playchess.com"]
[Source "ChessBase"]
[SourceQuality "1"]
[WhiteTeam "Belgium"]
[BlackTeam "England"]
[WhiteTeamCountry "BEL"]
[BlackTeamCountry "ENG"]
[TimeControl "40/5400+30:1800+30"]

1. e4 e5 2. Nf3 Nc6 3. Bb5 a6 4. Ba4 Nf6 5. O-O Be7 6. Re1 b5 7. Bb3 d6 8. c3 O-O 9. h3 Nb8 10. d4 Nbd7 11. Nbd2 Bb7 12. Bc2 Re8 13. Nf1 Bf8 14. Ng3 g6 15. a4 c5 16. d5 c4 17. Bg5 Be7 18. Be3 Qc7 19. Qd2 Reb8 20. Ra3 Nc5 21. Bg5 Bc8 22. axb5 Rxb5 23. Ba4 Rb6 24. Qc2 Rab8 25. Re2 Rxb2 26. Qxb2 Rxb2 27. Rxb2 Nfxe4 28. Nxe4 Nxe4 29. Bxe7 Qxe7 30. Rb8 Qc7 31. Ra8 Qc5 32. Ra1 Kg7 33. Kh2 Bb7 34. Re8 Qxf2 35. Bc6 Qb6 36. Bxb7 Qxb7 37. Rd8 Kf6 38. Ra4 Ke7 39. Rh8 Qb5 40. Rb4 Qxd5 41. Rxh7 Nf6 42. Rh8 e4 43. Nd4 e3 44. Rc8 Ne4 45. Rbxc4 Qe5+ 46. Kg1 Kf6 47. Nf3 e2 48. Ra4 Qf4 49. Ra1 Qe3+ 50. Kh2 Qf2 51. Re8 Ng3 52. Re1 Nf1+ 53. Kh1 Ng3+ 54. Kh2 Nf1+ 55. Kh1 Ne3 56. Rg1 Nf1 57. c4 a5 58. h4 Kg7 59. Re7 a4 0-1

[Event "22nd ETCC Women 2019"]
[Site "Batumi"]
[Date "2019.10.25"]
[Round "2.25"]
[White "Rapport, Jovana"]
[Black "Socko, Monika"]
[Result "0-1"]
[ECO "A48"]
[WhiteElo "2379"]
[BlackElo "2417"]
[Annotator "NA"]
[PlyCount "148"]
[EventDate "2019.10.24"]
[EventType "team-tourn"]
[EventCountry "GEO"]
[SourceTitle "playchess.com"]
[Source "ChessBase"]
[SourceQuality "1"]
[WhiteTeam "Serbia"]
[BlackTeam "Poland"]
[WhiteTeamCountry "SRB"]
[BlackTeamCountry "POL"]
[TimeControl "40/5400+30:1800+30"]

1. d4 Nf6 2. Nf3 g6 3. Nc3 d5 4. Bf4 Bg7 5. e3 O-O $11 6. Nb5 Na6 7. h3 Ne4 8. Be2 c6 9. Na3 Nc7 10. c4 Ne6 11. Be5 Qa5+ 12. Kf1 f6 13. Bh2 N6g5 14. Qe1 Qb6 15. Rb1 e5 16. c5 Qd8 17. h4 Nf7 18. b4 Nh6 19. Nc2 Ng4 20. Bg1 h5 21. Nh2 f5 22. f4 exf4 23. exf4 a5 24. Nf3 axb4 25. Nxb4 Ra3 26. Rh3 Bh6 27. Ng5 Bxg5 28. hxg5 Ra4 29. Rb2 Qc7 30. Qc1 Re8 31. Bd1 Ra8 32. Nd3 Qe7 33. Ne5 Nxe5 34. dxe5 Ra5 35. Rc2 Be6 36. Bd4 Rea8 37. a3 Ra4 38. Rd3 Rc4 39. Qe3 Ra5 40. Bc3 Rxa3 41. Bd4 Rxd3 42. Qxd3 Nxc5 43. Qe3 Rxc2 44. Bxc2 Nd7 45. Qb3 b5 46. Bf2 d4 47. Qb1 Qc5 48. Bb3 Kf7 49. Qd1 Bc4+ 50. Kg1 Ke6 51. Bxd4 Qd5 52. Bxc4 bxc4 53. Qa1 Qe4 54. g3 h4 55. Qc3 hxg3 56. Qxc4+ Qd5 57. Qxd5+ Kxd5 58. Be3 Nf8 59. Kg2 Ke4 60. Bc1 Ne6 61. Kxg3 c5 62. Kf2 Kd3 63. Ke1 Kc2 64. Be3 c4 65. Ke2 c3 66. Ke1 Kb2 67. Ke2 c2 68. Kd3 c1=Q 69. Bxc1+ Kxc1 70. Kc4 Nxf4 71. Kc5 Ne6+ 72. Kd6 Nxg5 73. Ke7 f4 74. Kf6 Ne4+ 0-1

[Event "22nd ETCC Women 2019"]
[Site "Batumi"]
[Date "2019.10.25"]
[Round "2.25"]
[White "Stojkovska, Monika"]
[Black "Unuk, Laura"]
[Result "1-0"]
[ECO "D35"]
[WhiteElo "2108"]
[BlackElo "2278"]
[Annotator "NA"]
[PlyCount "77"]
[EventDate "2019.10.24"]
[EventType "team-tourn"]
[EventCountry "GEO"]
[SourceTitle "playchess.com"]
[Source "ChessBase"]
[SourceQuality "1"]
[WhiteTeam "Macedonia"]
[BlackTeam "Slovenia"]
[WhiteTeamCountry "MKD"]
[BlackTeamCountry "SLO"]
[TimeControl "40/5400+30:1800+30"]

1. d4 Nf6 2. c4 e6 3. Nc3 d5 4. cxd5 exd5 5. Bg5 c6 6. e3 h6 7. Bh4 Be7 8. Qc2 Nbd7 9. Bd3 O-O 10. Nf3 Re8 11. Bg3 Qa5 12. h3 c5 13. O-O c4 14. Bf5 Bf8 15. Ne5 Nxe5 16. dxe5 Bxf5 17. Qxf5 Nh7 18. Rfd1 Rad8 19. Bh4 g5 20. Bg3 Bb4 21. e6 Rxe6 22. Nxd5 Rde8 23. Qc2 Rc6 24. a3 Bf8 25. Qf5 Qc5 26. Rac1 Bg7 27. b4 Qf8 28. Rc2 Rec8 29. Qd7 Re6 30. Qxb7 Nf6 31. Nc7 Re7 32. Rxc4 Rb8 33. Qf3 Rc8 34. Bd6 g4 35. hxg4 Kh8 36. Bxe7 Qxe7 37. Nd5 Qe6 38. Rxc8+ Qxc8 39. Nxf6 1-0